 Dungeon Crawl Stone Soup version 0.24.0-13-gcf9b319 (webtiles) character file.

Game seed: 3241809294987672487, levelgen mode: deterministic

31 Bronimir the Charmwright (level 3, 0/28 HPs)
             Began as a Barachi Skald on Apr 17, 2020.
             Slain by a hound (3 damage)
             ... on level 2 of the Dungeon.
             The game lasted 00:01:55 (1080 turns).

Bronimir the Charmwright (Barachi Skald)            Turns: 1080, Time: 00:01:56

Health: 0/28       AC:  3    Str: 13    XL:     3   Next: 22%
Magic:  0/6        EV: 17    Int: 13    God:
Gold:   57         SH:  0    Dex: 16    Spells: 1/6 levels left

rFire    . . .     SeeInvis .   a - +0 hand axe
rCold    . . .     Gourm    .   (no shield)
rNeg     . . .     Faith    .   b - +0 leather armour
rPois    .         Spirit   .   (no helmet)
rElec    .         Reflect  .   (no cloak)
rCorr    .         Harm     .   (no gloves)
MR       .....                  (no boots)
Stlth    ++........             (no amulet)
HPRegen  0.09/turn              (no ring)
MPRegen  0.10/turn              (no ring)

@: agile, lethally poisoned (0 -> -1), infused, very slightly contaminated, slow
A: +LOS, swims, slowness 1, strong legs 1
a: Hop


You were on level 2 of the Dungeon.
You were hungry.

You visited 1 branch of the dungeon, and saw 2 of its levels.

You collected 57 gold pieces.

Inventory:

Hand Weapons
 a - a +0 hand axe (weapon)
Missiles
 e - 25 stones
 g - 5 javelins (quivered)
 h - 27 arrows
Armour
 b - a +0 leather armour (worn)
 i - a +0 helmet
Jewellery
 c - an uncursed ring of resist corrosion {unknown}
Scrolls
 f - 3 scrolls of remove curse {unknown}
 k - 2 scrolls of identify {unknown}
Comestibles
 d - 5 rations


   Skills:
 * Level 2.5 Fighting
 * Level 2.5 Axes
 * Level 2.3 Armour
 * Level 2.4 Dodging
 + Level 2.3 Spellcasting
 * Level 3.6 Charms


You had one spell level left.
You knew the following spells:

 Your Spells              Type           Power        Failure   Level  Hunger
a - Infusion              Chrm           ##..         7%          1    #......
b - Song of Slaying       Chrm           ##......     11%         2    ###....
c - Shroud of Golubria    Chrm/Tloc      #.....       22%         2    ###....

Your spell library contained the following spells:

 Spells                   Type           Power        Failure   Level  Hunger
 Regeneration             Chrm/Necr      #.........   41%         3    ###....
 Spectral Weapon          Hex/Chrm       #.......     41%         3    ###....


Dungeon Overview and Level Annotations

Branches:
Dungeon (2/15)

Altars:


Innate Abilities, Weirdness & Mutations

Shadows flee at your approach. (+LOS)
You can swim through water.
You cover ground slowly.
You can hop short distances.


Message History

* * * LOW HITPOINT WARNING * * *
The adder bites you but does no damage.
You barely miss the adder.
The adder is almost dead.
You closely miss the hound. The hound barely misses you.
The adder closely misses you. The hound closely misses you.
It was a potion of agility.
You feel agile all of a sudden. The adder misses you.
The hound closely misses you.
The kobold throws a stone.
The stone misses you.
You hit the adder.
You kill the adder!
Your Armour skill increases to level 2!
You have reached level 3!
Your experience leads to an increase in your attributes!
Your base attributes are Str 12, Int 13, Dex 11.
Increase (S)trength, (I)ntelligence, or (D)exterity?
You feel stronger.
You closely miss the hound.
You feel sick. The hound bites you.
You die...

##..#.#.P...
#...P≈≈≈≈≈≈≈
#.#.≈≈.≈≈.≈≈
#.#.≈≈≈≈≈≈≈.
#..P≈≈≈≈≈≈≈
#...P≈≈≈≈♣K≈
#....P.≈.≈≈≈
#......P..♣
####.(@.#
#.....#h.......
#.##.###.#..###
#<#.## #......
#..## #.. ..
#.#.# ..# #
#.##.# ... #.#
#.# ### #.# #.#


You could see a hound and a kobold.

Vanquished Creatures
  An adder (D:2)
  A dart slug (D:1)
  A leopard gecko (D:1)
  2 goblins (D:1)
  A hobgoblin (D:1)
  3 jackals (D:1)
  3 kobolds (D:1)
  4 bats (D:1)
  A frilled lizard (D:1)
  A rat (D:1)
18 creatures vanquished.

Notes
Turn   | Place    | Note
-------+----------+-------------------------------------------
     0 | D:1      | Bronimir the Barachi Skald began the quest for the Orb.
     0 | D:1      | Reached XP level 1. HP: 17/17 MP: 3/3
   234 | D:1      | Reached XP level 2. HP: 22/23 MP: 5/5
   836 | D:1      | Learned a level 2 spell: Song of Slaying
   839 | D:1      | Learned a level 2 spell: Shroud of Golubria
  1080 | D:2      | Reached XP level 3. HP: 4/28 MP: 0/6
  1080 | D:2      | Slain by a hound

Levels and vault maps discovered:
D:1:      lightli_arrival_statue_moat, layout_basic, corexii_corridor_pit,
          hex_intersection, hex_medium
D:2:      layout_loops_ring, zin_academy, first_ration, serial_bayou_pond_b,
          eino_curves_04

Skill      XL: |  1  2 |
---------------+-------+-----
Armour         | 2 |  2.3
Fighting       | |  2.5
Axes           | |  2.5
Dodging        | |  2.4
Spellcasting   | |  2.3
Charms         | |  3.6

Action                   || total
-------------------------++-------
Melee: Hand axe          ||    53
 Cast: Infusion          ||     2
  Use: Potion            ||     1
Armor: Leather armour    ||    29
Dodge: Dodged            ||    59
